 Dungeon Crawl Stone Soup version 0.22-a0-587-g7d32d7c (webtiles) character file.

1572840 gg19 the Barachian Arbalest (level 27, 366/366 HPs)
             Began as a Barachi Hunter on July 4, 2018.
             Was the Champion of Dithmenos.
             Escaped with the Orb
             ... and 3 runes!
             The game lasted 04:23:44 (83258 turns).

gg19 the Barachian Arbalest (Barachi Hunter)       Turns: 83258, Time: 04:23:45

Health: 366/366    AC: 47    Str: 28    XL:     27
Magic:  23/23      EV: 30    Int: 17    God:    Dithmenos [******]
Gold:   3307       SH:  0    Dex: 27    Spells: 26/26 levels left

rFire    + + +     SeeInvis +   a - +9 triple crossbow (flame)
rCold    + + +     Gourm    .   (shield currently unavailable)
rNeg     + . .     Faith    .   l - +9 scales of the Dragon King {rPois rF+ rC+ MR+}
rPois    +         Spirit   .   F - +2 hat {MR+}
rElec    +         Reflect  .   Y - +0 cloak of Prudence {rElec}
rCorr    +         Harm     .   d - +0 pair of gloves of the Pink Corner {+Blink rCorr Dex+2 Stlth+}
MR       +++++                  u - +2 pair of boots {run}
Stlth    ..........             R - amulet of the Salamander {RegenMP rF+ rC+ Str+6 Int-3}
HPRegen  0.71/turn              L - ring of Curiosity {+Fly rN+ Slay+2}
MPRegen  0.43/turn              U - ring "Vemmi" {+Inv rPois rF+ MR+ Int+3}

@: mighty, brilliant, agile, berserking (expiring), resistant, very slightly
contaminated, hasted, wreathed by umbra, invisible, very quick
A: +LOS, swims, antennae 1, thin metallic scales 1, see invisible, dopey 1,
shaggy fur 1, slowness 1, subdued magic 1, strong legs 2
0: Orb of Zot
}: 3/15 runes: serpentine, barnacled, silver
a: Hop, Shadow Step, Shadow Form, Renounce Religion, Evoke Blink, Evoke Flight


You escaped.
You worshipped Dithmenos.
Dithmenos was exalted by your worship.
You were not hungry.

You visited 9 branches of the dungeon, and saw 49 of its levels.
You visited the Abyss 1 time.
You also visited: Sewer and Volcano.

You collected 8668 gold pieces.
You spent 5361 gold pieces at shops.

Inventory:

Hand Weapons
 a - a +9 triple crossbow of flaming (weapon)
 b - a +4 scimitar of flaming
Missiles
 e - 1387 bolts (quivered)
 V - 5 throwing nets
Armour
 d - the +0 pair of gloves of the Pink Corner (worn) {+Blink rCorr Dex+2 Stlth+}
   (You acquired it on level 4 of the Depths)

   It affects your dexterity (+2).
   It lets you blink.
   It protects you from acid and corrosion.
   It makes you more stealthy.
 j - the +2 hat of Atok {rElec Str+2}
   (You found it on level 5 of the Depths)

   It affects your strength (+2).
   It insulates you from electricity.
 l - the +9 scales of the Dragon King (worn) {rPois rF+ rC+ MR+}
   (You bought it in a shop on level 1 of the Vaults)

   It protects you from fire.
   It protects you from cold.
   It protects you from poison.
   It affects your resistance to hostile enchantments.
 u - a +2 pair of boots of running (worn)
 z - the +2 pair of boots of Sodinev {SInv}
   (You found it on level 3 of the Elven Halls)

   It lets you see invisible.
 F - a +2 hat of magic resistance (worn)
 J - a +2 cloak of fire resistance
 Y - the +0 cloak of Prudence (worn) {rElec}
   (You acquired it on level 4 of the Shoals)

   It insulates you from electricity.
Jewellery
 v - an uncursed ring of fire
 w - an uncursed ring of positive energy
 D - a +3 ring of evasion
 L - the ring of Curiosity (left hand) {+Fly rN+ Slay+2}
   (You took it off an orc warrior on level 5 of the Vaults)

   [ring of flight]

   It affects your accuracy and damage with ranged weapons and melee attacks
   (+2).
   It protects you from negative energy.
   It lets you fly.
 N - an uncursed ring of see invisible
 R - the amulet of the Salamander (around neck) {RegenMP rF+ rC+ Str+6 Int-3}
   (You bought it in a shop on level 1 of the Depths)

   [amulet of magic regeneration]

   It increases your magic regeneration.
   It affects your strength (+6).
   It affects your intelligence (-3).
   It protects you from fire.
   It protects you from cold.
 U - the ring "Vemmi" (right hand) {+Inv rPois rF+ MR+ Int+3}
   (You found it on level 4 of the Vaults)

   [ring of protection from fire]

   It affects your intelligence (+3).
   It protects you from fire.
   It protects you from poison.
   It affects your resistance to hostile enchantments.
   It lets you turn invisible.
Wands
 i - a wand of clouds (9)
 y - a wand of acid (32)
 C - a wand of digging (6)
 I - a wand of scattershot (3)
Scrolls
 k - 6 scrolls of blinking
 m - 17 scrolls of remove curse
 o - 10 scrolls of identify
 q - 6 scrolls of fear
 s - 14 scrolls of teleportation
 H - a scroll of brand weapon
 O - 6 scrolls of fog
 P - 2 scrolls of holy word
 Q - a scroll of enchant armour
 T - 2 scrolls of summoning
 X - 2 scrolls of silence
Potions
 c - 22 potions of curing
 g - 11 potions of brilliance
 h - 3 potions of heal wounds
 n - a potion of cancellation
 r - 7 potions of flight
 t - 3 potions of magic
 x - 9 potions of might
 A - a potion of mutation
 B - 2 potions of ambrosia
 E - 3 potions of invisibility
 G - a potion of berserk rage
 M - 2 potions of haste
 W - 3 potions of agility
Miscellaneous
 K - a fan of gales
Comestibles
 f - 88 rations


   Skills:
 + Level 25.6 Fighting
   Level 4.3(9.4) Short Blades
 - Level 13.7(14.0) Long Blades
 O Level 27 Crossbows
 + Level 24.6 Armour
 + Level 23.0 Dodging
 - Level 0.8 Stealth


You had 26 spell levels left.
You didn't know any spells.
Your spell library contained the following spells:

 Spells                   Type           Power        Failure   Level  Hunger
 Magic Dart               Conj           #...         16%         1    ##.....
 Fireball                 Conj/Fire      #.........   96%         5    ######.
 Apportation              Tloc           #.....       16%         1    ##.....
 Conjure Flame            Conj/Fire      #.......     41%         3    ####...
 Lightning Bolt           Conj/Air       #.........   96%         5    ######.
 Bolt of Magma            Conj/Fire/Erth #.........   96%         5    ######.
 Slow                     Hex            #.......     24%         2    ###....
 Confuse                  Hex            #.......     41%         3    ####...
 Invisibility             Hex            #.......     100%        6    #######
 Throw Flame              Conj/Fire      #.....       24%         2    ###....
 Controlled Blink         Tloc           N/A          100%        8    #######
 Freezing Cloud           Conj/Ice/Air   #.........   100%        6    #######
 Mephitic Cloud           Conj/Pois/Air  #.......     41%         3    ####...
 Ring of Flames           Chrm/Fire      #.........   100%        7    #######
 Venom Bolt               Conj/Pois      #.........   96%         5    ######.
 Olgreb's Toxic Radiance  Pois           #.......     77%         4    #####..
 Teleport Other           Tloc           #.......     41%         3    ####...
 Summon Small Mammal      Summ           #...         16%         1    ##.....
 Blink                    Tloc           N/A          24%         2    ###....
 Iskenderun's Mystic Bla  Conj           #.......     77%         4    #####..
 Summon Horrible Things   Summ           #.........   100%        8    #######
 Animate Dead             Necr           N/A          77%         4    #####..
 Pain                     Necr           #...         16%         1    ##.....
 Animate Skeleton         Necr           N/A          16%         1    ##.....
 Vampiric Draining        Necr           #.........   41%         3    ####...
 Sticky Flame             Conj/Fire      #.......     77%         4    #####..
 Summon Ice Beast         Ice/Summ       #.......     77%         4    #####..
 Regeneration             Chrm/Necr      #.........   41%         3    ####...
 Sting                    Conj/Pois      #...         16%         1    ##.....
 Sublimation of Blood     Necr           #.........   24%         2    ###....
 Tukima's Dance           Hex            #.......     41%         3    ####...
 Summon Greater Demon     Summ           #.........   100%        7    #######
 Corpse Rot               Necr           N/A          24%         2    ###....
 Iron Shot                Conj/Erth      #.........   100%        6    #######
 Stone Arrow              Conj/Erth      #.....       41%         3    ####...
 Shock                    Conj/Air       #...         16%         1    ##.....
 Swiftness                Chrm/Air       #.......     24%         2    ###....
 Spider Form              Tmut/Pois      #.........   41%         3    ####...
 Blade Hands              Tmut           #.........   96%         5    ######.
 Statue Form              Tmut/Erth      #........    100%        6    #######
 Ice Form                 Ice/Tmut       #.......     77%         4    #####..
 Dragon Form              Tmut           #.........   100%        7    #######
 Deflect Missiles         Chrm/Air       #.........   100%        6    #######
 Airstrike                Air            #.........   77%         4    #####..
 Confusing Touch          Hex            #.....       16%         1    ##.....
 Flame Tongue             Conj/Fire      #....        16%         1    ##.....
 Passwall                 Tmut/Erth      #.......     24%         2    ###....
 Ignite Poison            Fire/Tmut/Pois #.......     41%         3    ####...
 Sticks to Snakes         Tmut           #.......     24%         2    ###....
 Call Canine Familiar     Summ           #.......     41%         3    ####...
 Ensorcelled Hibernation  Hex/Ice        #.....       24%         2    ###....
 Metabolic Englaciation   Hex/Ice        #.........   96%         5    ######.
 Summon Butterflies       Summ           #.......     16%         1    ##.....
 Silence                  Hex/Air        #.........   96%         5    ######.
 Shatter                  Erth           #.........   100%        9    #######
 Dispersal                Tloc           #.........   100%        6    #######
 Static Discharge         Conj/Air       #.......     41%         3    ####...
 Corona                   Hex            #......      16%         1    ##.....
 Alistair's Intoxication  Tmut/Pois      #.......     96%         5    ######.
 Lee's Rapid Deconstruct  Erth           #.........   96%         5    ######.
 Conjure Ball Lightning   Conj/Air       #.........   100%        6    #######
 Portal Projectile        Hex/Tloc       #.....       41%         3    ####...
 Monstrous Menagerie      Summ           #.........   100%        7    #######
 Petrify                  Tmut/Erth      #.......     77%         4    #####..
 Passage of Golubria      Tloc           N/A          77%         4    #####..
 Orb of Destruction       Conj           #.........   100%        7    #######
 Malign Gateway           Summ/Tloc      #.........   100%        7    #######
 Tornado                  Air            #.........   100%        9    #######
 Leda's Liquefaction      Hex/Erth       #.........   77%         4    #####..
 Summon Hydra             Summ           #.........   100%        7    #######
 Darkness                 Hex            #.........   100%        6    #######
 Shroud of Golubria       Chrm/Tloc      #.........   24%         2    ###....
 Inner Flame              Hex/Fire       #.......     41%         3    ####...
 Beastly Appendage        Tmut           #.....       16%         1    ##.....
 Disjunction              Tloc           #.........   100%        8    #######
 Iskenderun's Battlesphe  Conj/Chrm      #.......     96%         5    ######.
 Fulminant Prism          Conj/Hex       #.........   77%         4    #####..
 Dazzling Spray           Conj/Hex       #.....       41%         3    ####...
 Force Lance              Conj/Tloc      #.......     77%         4    #####..
 Searing Ray              Conj           #.....       24%         2    ###....
 Summon Forest            Summ/Tloc      #.........   96%         5    ######.
 Summon Lightning Spire   Summ/Air       #.......     77%         4    #####..
 Summon Guardian Golem    Hex/Summ       #.......     41%         3    ####...
 Spellforged Servitor     Conj/Summ      #.........   100%        7    #######
 Summon Mana Viper        Hex/Summ       #.......     96%         5    ######.
 Hydra Form               Tmut           #.........   100%        6    #######
 Irradiate                Conj/Tmut      #.........   96%         5    ######.
 Gell's Gravitas          Tloc           #.........   41%         3    ####...
 Yara's Violent Unravell  Hex/Tmut       #.........   96%         5    ######.
 Lesser Beckoning         Tloc           #.........   41%         3    ####...
 Poisonous Vapours        Pois/Air       #.....       24%         2    ###....
 Ignition                 Fire           #.........   100%        8    #######


Dungeon Overview and Level Annotations

Branches:
Dungeon (15/15)            Temple (0/1) D:7            Lair (6/6) D:8
 Shoals (4/4) Lair:3        Snake (4/4) Lair:3        Slime (0/5) Lair:6
    Orc (2/2) D:11            Elf (3/3) Orc:2        Vaults (5/5) D:13
  Crypt (0/3) Vaults:2     Depths (5/5) D:15            Zot (5/5) Depths:5

Altars:
Ashenzari
Dithmenos
Gozag
Hepliaklqana
Kikubaaqudgha
Nemelex Xobeh
Vehumet
Wu Jian
Xom
Yredelemnul
The Shining One
Beogh
Jiyva

Shops:
D:9 *   D:15 [   Orc:2 (:([   Elf:3 =   Snake:2 ?   Vaults:1 [   Vaults:3 ?
Vaults:4 %   Depths:1 !==}

Portals:
Hell: Depths:1 Depths:2 Depths:3 Depths:4 Depths:5
Abyss: Depths:2 Depths:4
Pandemonium: Depths:1 Depths:3
Ziggurat: Depths:5
Trove: Elf:3 (give +6 demon trident)

Annotations:
Lair:4 3 runed doors, Onle's ghost, journeyman FoHu
Shoals:1 1 runed door, Vowuj's ghost, adept FoFi
Elf:3 1 exclusion
Depths:3 exclusion: ice statue
Zot:1 Codijuot's ghost, master TrFi
Zot:2 Jeud Epto's ghost, master TrFi


Innate Abilities, Weirdness & Mutations

Shadows flee at your approach. (+LOS)
You can swim through water.
You cover ground slowly.
You can hop long distances.
You have a pair of small antennae on your head.
You are partially covered in thin metallic scales. (AC +2)
You have supernaturally acute eyesight. (SInv)
You are dopey. (Int -2)
You are covered in fur. (AC +1)
Your spells are a little easier to cast, but a little less powerful.


Message History

You feel agile all of a sudden.
You fade into invisibility!
You are very lightly contaminated with residual magic.
You feel clever all of a sudden.
Okay, then.
Do you really want to go berserk while wielding your +9 triple crossbow of flaming?
Okay, then.
Your +9 triple crossbow of flaming stops flaming.
Your +4 scimitar of flaming bursts into flame!
b - a +4 scimitar of flaming (weapon)
Okay, then.
Your +4 scimitar of flaming stops flaming.
Your +9 triple crossbow of flaming bursts into flame!
a - a +9 triple crossbow of flaming (weapon)
Do you really want to go berserk while wielding your +9 triple crossbow of flaming?
A red film seems to cover your vision as you go berserk!
You feel yourself moving faster!
You feel mighty!
You are ready to hop once more.
You feel a strong urge to attack something.
You have escaped!

#####################
........'.....'.....#
####...##.⌠..##....##
##...###...###[..##
##...## #..## #..##
#...## #.## #.##
...## #'#####'#####
..## #.....(.....#
.## #....##(@..## ##
#...###...## # #..##
#..## #.## #.##
###############.#####
....)...(...........#
####.....##########.#
...+.....# #.#
####.....# #.#


There were no monsters in sight!

Vanquished Creatures
  6 ancient liches
  6 orbs of fire (Zot:5)
  The ghost of Codijuot the Wrestler, a master TrFi of Okawaru (Zot:2)
  The ghost of Jeud Epto the Wrestler, a master TrFi of Okawaru (Zot:2)
  The ghost of Joinoh the Conqueror, a legendary MfAs of Yredelemnul (Zot:2)
  Bai Suzhen (Depths:1)
  Frederick (Depths:4)
  Vashnia (Snake:3)
  Saint Roka (Orc:2)
  3 curse toes
  5 Killer Klowns
  Nikola (Elf:2)
  8 golden dragons
  The ghost of Darkshadow the Slayer, a veteran GrEE of Okawaru (Depths:3)
  3 electric golems
  Rupert (Lair:3)
  17 tentacled monstrosities
  Asterion (Elf:1)
  4 deep elf blademasters (Elf:3)
  5 liches
  A pandemonium lord (D:4)
  27 Orb Guardians
  A deep elf master archer (Elf:3)
  5 titans (Vaults:5)
  7 quicksilver dragons
  The ghost of Lagaor the Warrior, an adept MfBe of Trog (Elf:1)
  An Executioner (D:4)
  7 death cobs
  Gastronok (D:11)
  Kirke (D:14)
  Agnes (Depths:1)
  2 ancient champions (Depths:1)
  2 sphinxes (Vaults:5)
  6 tengu reavers
  7 shadow dragons
  Roxanne (Elf:2)
  2 krakens
  12 nagarajas
  Ilsuiw (Shoals:4)
  6 draconian monks
  8 storm dragons
  7 fire giants
  12 deep elf sorcerers
  An orc warlord (Orc:2)
  10 frost giants
  2 ghost moths (Zot:4)
  3 draconian scorchers
  Aizul (Snake:2)
  A juggernaut zombie (Depths:3)
  6 draconian knights
  A spectral juggernaut (Depths:3)
  11 vault wardens
  9 deep elf elementalists
  A ghoul (Vaults:1)
  An iron dragon (Vaults:5)
  Louise (D:15)
  5 draconian shifters
  A curse skull (Vaults:2)
  8 draconian stormcallers
  3 spriggan defenders
  A war gargoyle (Vaults:5)
  9 draconian annihilators
  17 stone giants
  4 very ugly things
  A vampire knight (Vaults:2)
  13 ironheart preservers
  9 green draconians
  3 white draconians (Zot:1)
  Nessos (D:12)
  4 purple draconians
  11 yellow draconians
  11 black draconians
  9 deep elf demonologists
  9 red draconians
  3 spectral titans (Depths:3)
  A lorocyproca (Depths:3)
  2 spark wasps (Depths:5)
  8 statues (Depths:4)
  11 deep elf annihilators
  A blizzard demon (Depths:3)
  15 ettins
  7 merfolk javelineers
  6 deep elf death magi (Elf:3)
  10 fire dragons
  Josephine (Lair:3)
  2 jiangshi (Depths:1)
  The ghost of RedSky the Grappler, a journeyman TrTm of Wu Jian (D:11)
  20 yaktaur captains
  Erolcha (D:9)
  7 merfolk impalers
  4 deep elf high priests
  11 rakshasas
  26 vault guards
  5 great orbs of eyes
  5 hydras
  Erica (Lair:2)
  19 naga warriors
  13 ice dragons
  5 spriggan air magi
  2 merfolk aquamancers
  2 spectral stone giants (Depths:3)
  A catoblepas (D:15)
  19 anacondas
  14 centaur warriors
  51 two-headed ogres
  3 juggernaut simulacra (Depths:3)
  A two-headed ogre (shapeshifter) (Vaults:5)
  24 dancing weapons
  4 death knights
  17 ogre magi
  4 satyrs
  7 deep troll shamans
  A hell hog (Depths:2)
  An alligator snapping turtle (Shoals:2)
  A vampire mage (Vaults:2)
  2 deep troll earth magi (Depths:1)
  2 tengu warriors
  2 titan zombies (Depths:3)
  6 death yaks
  15 naga sharpshooters
  4 shock serpents
  Sonja (D:10)
  A soul eater (Depths:1)
  5 spriggan berserkers
  9 spriggans
  22 deep elf knights
  A small abomination (Elf:3)
  4 salamander mystics
  3 shadow wraiths
  4 iron trolls
  14 skeletal warriors
  10 sea snakes
  7 hell knights
  8 unseen horrors
  A flayed ghost (Vaults:2)
  A death drake (shapeshifter) (Depths:2)
  19 deep trolls
  A gelid demonspawn (Depths:3)
  3 glowing orange brains
  A sphinx zombie (Vaults:4)
  13 ironbrand convokers
  16 wizards
  12 deep elf archers
  A lindwurm (shapeshifter) (Vaults:5)
  8 naga ritualists
  11 orc knights
  4 harpies
  26 ugly things
  2 lindwurms (Lair:6)
  5 phantasmal warriors
  3 orange crystal statues
  8 necromancers
  9 mana vipers
  14 fauns
  4 wolf spiders
  A cyclops (shapeshifter) (Vaults:4)
  A tengu skeleton (Vaults:4)
  An oklob plant (D:14)
  7 orc sorcerers
  A fire giant zombie (Depths:4)
  24 manticores
  15 moths of wrath
  A sphinx skeleton (Depths:4)
  16 salamanders
  17 cyclopes
  65 deep elf magi
  3 stone giant zombies (Depths:3)
  Maurice (D:12)
  2 centaur zombies
  6 guardian serpents
  7 water nymphs
  An ice statue (Depths:3)
  A molten gargoyle (Volcano)
  A black mamba (shapeshifter) (Vaults:3)
  Psyche (D:11)
  3 human skeletons (Vaults:4)
  An orange demon (Depths:3)
  15 elephants
  38 naga magi
  2 rust devils
  A storm dragon simulacrum (Vaults:1)
  27 black mambas
  10 vault sentinels
  4 centaur skeletons (D:15)
  A spiny frog (shapeshifter) (D:14)
  5 torpor snails (Lair:6)
  7 gargoyles
  6 spiny frogs
  3 demonic crawlers (Elf:2)
  5 ice devils
  5 spectral swamp worms (Depths:5)
  5 rime drakes
  60 yaktaurs
  A yaktaur (shapeshifter) (Vaults:3)
  8 freezing wraiths
  An efreet (D:13)
  3 komodo dragons
  6 tengu conjurers
  26 merfolk
  4 red devils
  A harpy zombie (D:15)
  12 polar bears
  A meliai (shapeshifter) (Depths:3)
  10 trolls
  3 tyrant leeches (Lair:6)
  7 wind drakes
  19 hornets
  6 raiju (Lair:6)
  A jumping spider (shapeshifter) (Vaults:5)
  32 slime creatures
  18 blink frogs
  12 hippogriffs
  19 dream sheep
  9 snapping turtles
  A blink frog (shapeshifter) (Vaults:2)
  A frost giant simulacrum (Vaults:4)
  A ynoxinul (D:4)
  A flying skull (Vaults:2)
  10 water elementals
  Sigmund (D:6)
  3 shadows
  2 ettin skeletons (Vaults:4)
  6 air elementals
  3 fire elementals (Volcano)
  9 wraiths
  2 basilisks (shapeshifter)
  3 wyverns
  17 humans
  2 hungry ghosts
  4 basilisks
  40 yaks
  8 hogs
  A yaktaur simulacrum (Vaults:2)
  A steam dragon (D:8)
  3 vampire mosquitoes
  11 wargs
  2 acid dragons
  A soldier ant (D:12)
  64 nagas
  2 insubstantial wisps (D:8)
  19 water moccasins
  3 porcupines
  A human zombie (Depths:4)
  A soldier ant (shapeshifter) (Elf:3)
  20 hell hounds
  A porcupine (shapeshifter) (D:15)
  2 black bears (shapeshifter)
  2 eyes of draining (shapeshifter)
  45 orc warriors
  13 black bears
  3 phantoms
  5 ice beasts
  3 sky beasts (D:8)
  55 ogres
  23 wolves
  20 centaurs
  8 boggarts
  10 crocodiles
  2 big kobolds
  21 bullfrogs
  A glowing shapeshifter simulacrum (Vaults:1)
  A wyvern zombie (D:14)
  5 earth elementals
  A wyvern skeleton (D:9)
  4 troll zombies (D:11)
  9 scorpions
  17 killer bees
  6 howler monkeys
  11 wights
  10 electric eels
  2 bullfrog zombies
  A quasit (Abyss:1)
  11 crimson imps
  5 jellies
  Crazy Yiuf (D:4)
  5 hounds
  3 bullfrog skeletons
  18 orc priests
  23 orc wizards
  4 iguanas
  8 merfolk sirens
  9 worker ants
  3 merfolk avatars
  4 ogre zombies (D:11)
  A hound skeleton (D:10)
  2 hound zombies (D:9)
  A worker ant zombie (D:6)
  21 adders
  2 river rats (Sewer)
  5 shadow imps
  A white imp (Abyss:1)
  An ufetubus (Depths:1)
  4 oozes
  2 adder skeletons (D:4)
  A worm (D:2)
  4 dart slugs
  16 leopard geckos
  118 orcs
  5 giant cockroaches
  12 goblins
  6 hobgoblins
  9 jackals
  11 quokkas
  8 ball pythons
  8 bats
  5 frilled lizards
  2 goblin skeletons (D:11)
  4 goblin zombies (D:11)
  2 hobgoblin skeletons (D:11)
  A hobgoblin zombie (D:11)
  A jackal zombie (D:5)
  16 kobolds
  A leopard gecko skeleton (D:8)
  2 orc skeletons (D:11)
  14 orc zombies (D:11)
  3 quokka skeletons
  32 rats
  4 fire vortices (Depths:4)
  3 plants
  3 tentacles
2491 creatures vanquished.

Vanquished Creatures (others)
  A shadow dragon (Vaults:4)
  A necromancer (Depths:5)
  A moth of wrath (Zot:5)
  2 boggarts
  23 fungi
  22 plants
  18 tentacles
  2 withered plants (Shoals:1)
70 creatures vanquished.

Grand Total: 2561 creatures vanquished

Notes
Turn   | Place    | Note
-------+----------+-------------------------------------------
     0 | D:1      | gg19 the Barachi Hunter began the quest for the Orb.
     0 | D:1      | Reached XP level 1. HP: 17/17 MP: 1/1
   151 | D:1      | Reached XP level 2. HP: 23/23 MP: 2/2
   515 | D:1      | Reached XP level 3. HP: 29/29 MP: 3/3
  1620 | D:1      | Reached skill level 5 in Crossbows
  1633 | D:2      | Reached XP level 4. HP: 35/35 MP: 4/4
  2072 | D:2      | Reached XP level 5. HP: 38/42 MP: 5/5
  2462 | D:2      | Found a basalt altar of Yredelemnul.
  3826 | D:4      | Reached skill level 6 in Crossbows
  3826 | D:4      | Reached XP level 6. HP: 49/49 MP: 6/6
  4124 | D:4      | Found a glowing drain.
  4128 | Sewer    | Entered a sewer
  4352 | Sewer    | Reached skill level 5 in Fighting
  4966 | D:4      | Reached skill level 7 in Crossbows
  4966 | D:4      | Reached XP level 7. HP: 56/56 MP: 7/7
  4987 | D:4      | Found an ornate altar of the Wu Jian Council.
  5377 | D:4      | Found a runed door.
  5588 | D:4      | Noticed Crazy Yiuf
  5599 | D:4      | Killed Crazy Yiuf
  5673 | D:5      | Entered Level 5 of the Dungeon
  5795 | D:5      | Reached skill level 8 in Crossbows
  5843 | D:5      | Reached XP level 8. HP: 65/65 MP: 8/8
  5896 | D:5      | Found a hazy altar of Hepliaklqana.
  6080 | D:5      | Found a glowing golden altar of the Shining One.
  6249 | D:6      | Found a shadowy altar of Dithmenos.
  6272 | D:6      | Became a worshipper of Dithmenos the Shadowed
  6575 | D:6      | Noticed Sigmund
  6582 | D:6      | Killed Sigmund
  6582 | D:6      | Reached skill level 9 in Crossbows
  7477 | D:6      | Reached skill level 10 in Crossbows
  7477 | D:6      | Reached XP level 9. HP: 42/74 MP: 9/9
  8143 | D:7      | Cast into level 1 of the Abyss (kobold)
  8306 | Abyss:1  | Noticed an orange demon
  8307 | Abyss:1  | Found a corrupted altar of Lugonu.
  8321 | Abyss:1  | Noticed a starcursed mass
  8322 | Abyss:1  | Noticed a spatial maelstrom
  8364 | D:7      | Escaped the Abyss
  8367 | D:7      | Reached * piety under Dithmenos
  8475 | D:7      | Found a staircase to the Ecumenical Temple.
  8598 | D:7      | Reached skill level 1 in Short Blades
  8598 | D:7      | Reached skill level 1 in Armour
  8869 | D:8      | Reached skill level 10 in Fighting
  9015 | D:8      | Reached XP level 10. HP: 49/85 MP: 10/10
  9751 | D:7      | Reached skill level 5 in Dodging
  9764 | D:8      | Reached ** piety under Dithmenos
  9933 | D:8      | Noticed a cyclops
  9959 | D:8      | Killed a cyclops
  9959 | D:8      | Reached skill level 1 in Long Blades
  9959 | D:8      | Reached skill level 5 in Armour
 10328 | D:8      | Identified the Almanac of Execration
 10359 | D:8      | Noticed a two-headed ogre
 10386 | D:8      | Killed a two-headed ogre
 10829 | D:8      | Got a smoking ring mail
 11035 | D:8      | Found a staircase to the Lair.
 11391 | Lair:1   | Entered Level 1 of the Lair of Beasts
 11550 | Lair:1   | Noticed a spiny frog
 11559 | Lair:1   | Killed a spiny frog
 11559 | Lair:1   | Reached XP level 11. HP: 93/93 MP: 11/11
 11692 | Lair:1   | Identified the +8 ring mail of the Solstice {rC+ MR- Str+4} (You took it off a wight on level 8 of the Dungeon)
 11703 | Lair:1   | Identified 2 scrolls of acquirement
 12420 | Lair:1   | Reached skill level 5 in Long Blades
 13626 | Lair:2   | Noticed Erica
 13632 | Lair:2   | Killed Erica
 13632 | Lair:2   | Reached skill level 11 in Crossbows
 14119 | Lair:3   | Reached XP level 12. HP: 101/102 MP: 12/12
 14132 | Lair:3   | Found a staircase to the Snake Pit.
 14252 | Lair:3   | Noticed Rupert
 14274 | Lair:3   | Killed Rupert
 14362 | Lair:3   | Noticed a four-headed hydra
 14372 | Lair:3   | Killed a four-headed hydra
 14409 | Lair:3   | Reached *** piety under Dithmenos
 14644 | Lair:3   | Found a staircase to the Shoals.
 14937 | Lair:4   | Reached skill level 12 in Crossbows
 15397 | Lair:4   | Found a dark tunnel.
 15408 | Volcano  | Entered a volcano
 16447 | Lair:4   | Found a runed gate.
 16447 | Lair:4   | Found a runed gate.
 16447 | Lair:4   | Found a runed gate.
 16447 | Lair:4   | Noticed Onle's ghost (journeyman FoHu)
 16896 | Lair:5   | Gained mutation: You can hop long distances. [Barachi growth]
 16896 | Lair:5   | Reached XP level 13. HP: 105/111 MP: 11/13
 17310 | Lair:5   | Reached **** piety under Dithmenos
 17606 | Lair:6   | Entered Level 6 of the Lair of Beasts
 17639 | Lair:6   | Reached skill level 10 in Armour
 17897 | Lair:6   | Reached skill level 13 in Crossbows
 18302 | Lair:6   | Reached skill level 10 in Dodging
 18510 | Lair:6   | Found a viscous altar of Jiyva.
 18510 | Lair:6   | Found a staircase to the Slime Pits.
 18605 | Lair:5   | Reached ***** piety under Dithmenos
 19092 | Lair:6   | Found a runed door.
 19257 | Lair:6   | Paralysed by a hornet for 3 turns
 19264 | Lair:6   | Reached XP level 14. HP: 70/119 MP: 11/14
 20263 | Lair:6   | Reached skill level 10 in Long Blades
 20304 | Lair:6   | Reached skill level 14 in Crossbows
 20947 | Lair:6   | Got a twitching zirconium amulet
 20948 | Lair:6   | Identified the amulet "Jaeviwna" {Gourm MR+ Dex+3} (You found it on level 6 of the Lair of Beasts)
 21042 | Lair:6   | Got an encrusted ring mail
 21053 | Lair:6   | Identified the cursed +0 ring mail "Enneocw" {rF+ Str+3 Int+4} (You found it on level 6 of the Lair of Beasts)
 21443 | D:9      | Noticed Erolcha
 21455 | D:9      | Killed Erolcha
 21797 | D:9      | Found Waumatt's Demolitions Depot.
 21884 | D:10     | Entered Level 10 of the Dungeon
 21929 | D:10     | Noticed Sonja
 21935 | D:10     | Killed Sonja
 22337 | D:10     | Reached ****** piety under Dithmenos
 23146 | D:11     | Found a staircase to the Orcish Mines.
 23287 | D:11     | Noticed Gastronok
 23295 | D:11     | Killed Gastronok
 23308 | D:11     | Noticed Psyche
 23317 | D:11     | Paralysed by Psyche for 2 turns
 23319 | D:11     | Killed Psyche
 23434 | D:11     | Found a runed gate.
 23434 | D:11     | Found a runed gate.
 23435 | D:11     | Found a runed gate.
 23528 | D:11     | Got a heavily runed crystal plate armour
 23539 | D:11     | Identified the +0 crystal plate armour of Siekiuw {rPois MR+++ Str+4 Int-4} (You acquired it on level 11 of the Dungeon)
 23895 | D:11     | Reached XP level 15. HP: 106/127 MP: 15/15
 24003 | D:11     | Noticed RedSky's ghost (journeyman TrTm)
 24217 | D:11     | Killed RedSky's ghost
 24300 | Orc:1    | Entered Level 1 of the Orcish Mines
 24488 | Orc:2    | Entered Level 2 of the Orcish Mines
 24489 | Orc:2    | Found a roughly hewn altar of Beogh.
 24523 | Orc:2    | Found a roughly hewn altar of Beogh.
 24650 | Orc:2    | Noticed an orc warlord
 24680 | Orc:2    | Killed an orc warlord
 24825 | Orc:2    | Reached skill level 15 in Crossbows
 25038 | Orc:2    | Found a roughly hewn altar of Beogh.
 25116 | Orc:2    | Found a roughly hewn altar of Beogh.
 25133 | Orc:2    | Found a roughly hewn altar of Beogh.
 25351 | Orc:2    | Found a roughly hewn altar of Beogh.
 25351 | Orc:2    | Found Jeful's Weapon Shoppe.
 25449 | Orc:2    | Found a roughly hewn altar of Beogh.
 25587 | Orc:2    | Found a roughly hewn altar of Beogh.
 25587 | Orc:2    | Found Foas's Book Shop.
 25627 | Orc:2    | Found a staircase to the Elven Halls.
 25858 | Orc:2    | Found a roughly hewn altar of Beogh.
 25860 | Orc:2    | Found Hema's Antique Weapon Boutique.
 25860 | Orc:2    | Noticed Saint Roka
 25985 | Orc:2    | Killed Saint Roka
 26285 | Orc:2    | Found Zouz's Antique Armour Shop.
 26489 | Orc:2    | Found a roughly hewn altar of Beogh.
 26641 | D:12     | Reached skill level 15 in Fighting
 27257 | D:12     | Noticed Maurice
 27260 | D:12     | Killed Maurice
 27836 | D:13     | Found a gate to the Vaults.
 27836 | D:13     | Noticed Nessos
 28336 | D:12     | Killed Nessos
 29056 | D:13     | Found a large runed door.
 29065 | D:13     | Found a large runed door.
 29288 | D:13     | Found an opulent altar of Gozag.
 29288 | D:13     | Noticed a fire giant
 29295 | D:13     | Killed a fire giant
 29408 | D:13     | Found a shadowy altar of Dithmenos.
 29440 | D:13     | Reached XP level 16. HP: 60/136 MP: 16/16
 29919 | D:14     | Found a sparkling altar of Nemelex Xobeh.
 29946 | D:14     | Reached skill level 16 in Crossbows
 30609 | D:14     | Found a glowing golden altar of the Shining One.
 31163 | D:15     | Entered Level 15 of the Dungeon
 31345 | D:15     | Found a shimmering altar of Xom.
 31373 | D:15     | Noticed Kirke
 31375 | D:15     | Noticed a sphinx
 31679 | D:14     | Noticed a sphinx
 31752 | D:14     | Killed Kirke
 32229 | D:15     | Found Larhitry's Armour Boutique.
 32241 | D:15     | Found a shattered altar of Ashenzari.
 32322 | D:15     | Found a hazy altar of Hepliaklqana.
 32866 | D:15     | Noticed Louise
 32891 | D:15     | Killed Louise
 33086 | D:15     | Found a staircase to the Depths.
 33574 | Snake:1  | Entered Level 1 of the Snake Pit
 34168 | Snake:1  | Reached XP level 17. HP: 134/144 MP: 17/17
 34375 | Snake:2  | Reached skill level 17 in Crossbows
 35393 | Snake:2  | Noticed Aizul
 35407 | Snake:2  | Killed Aizul
 36318 | Snake:2  | Found Tymuwky's Magic Scroll Boutique.
 37244 | Snake:3  | Found a runed gate.
 37244 | Snake:3  | Found a runed gate.
 37244 | Snake:3  | Found a runed gate.
 37260 | Snake:3  | Noticed Vashnia
 37297 | Snake:3  | Killed Vashnia
 37297 | Snake:3  | Reached XP level 18. HP: 103/153 MP: 18/18
 37368 | Snake:3  | Reached skill level 18 in Crossbows
 37980 | Snake:3  | Reached skill level 15 in Armour
 38259 | Snake:4  | Entered Level 4 of the Snake Pit
 40089 | Snake:4  | Got a serpentine rune of Zot
 40326 | Shoals:1 | Entered Level 1 of the Shoals
 40326 | Shoals:1 | Noticed Josephine
 40352 | Lair:3   | Killed Josephine
 40992 | Shoals:1 | Reached skill level 19 in Crossbows
 41052 | Shoals:1 | Found a runed door.
 41054 | Shoals:1 | Noticed Vowuj's ghost (adept FoFi)
 41159 | Shoals:1 | Reached XP level 19. HP: 106/162 MP: 19/19
 42244 | Shoals:2 | Reached skill level 15 in Dodging
 44768 | Shoals:4 | Entered Level 4 of the Shoals
 45398 | Shoals:4 | Got a jewelled cloak
 45409 | Shoals:4 | Identified the +0 cloak of Prudence {rElec} (You acquired it on level 4 of the Shoals)
 45610 | Shoals:4 | Got a barnacled rune of Zot
 45919 | Shoals:4 | Got a twitching granite ring
 45921 | Shoals:4 | Identified the ring "Lafuiq" {*Tele MR+++} (You found it on level 4 of the Shoals)
 46155 | Shoals:4 | Identified the Papyrus of Enthralling Flight
 46418 | Shoals:4 | Noticed Ilsuiw
 46949 | Shoals:4 | Killed Ilsuiw
 47007 | Shoals:4 | Got a polished mace
 47008 | Shoals:4 | Identified the +9 mace "Nuighocou" {antimagic, rC- MR+ Dex+7} (You found it on level 4 of the Shoals)
 47252 | Vaults:1 | Entered Level 1 of the Vaults
 47277 | Vaults:1 | Reached skill level 20 in Crossbows
 47463 | Vaults:1 | Reached XP level 20. HP: 172/172 MP: 20/20
 49057 | Vaults:1 | Found Amin's Antique Armour Boutique.
 49215 | Vaults:1 | Found an ancient bone altar of Kikubaaqudgha.
 49328 | Vaults:1 | Reached skill level 21 in Crossbows
 49514 | Vaults:1 | HP: 6/172 [storm dragon simulacrum (illusionary) (20)]
 51592 | Vaults:2 | Reached skill level 22 in Crossbows
 51776 | Vaults:2 | Found a staircase to the Crypt.
 51920 | Vaults:2 | Gained mutation: You are clumsy. (Dex -2) [a Zot trap]
 51920 | Vaults:2 | Gained mutation: Your magical capacity is low. (-10% MP) [a Zot trap]
 51972 | Vaults:2 | Reached XP level 21. HP: 178/178 MP: 18/18
 52505 | Vaults:2 | Identified Sif Muna's Disquisition on Fire and Poisoning
 53070 | Vaults:3 | Reached skill level 23 in Crossbows
 53593 | Vaults:3 | Lost mutation: Your magical capacity is low. (-10% MP) [potion of mutation]
 53593 | Vaults:3 | Lost mutation: You are clumsy. (Dex -2) [potion of mutation]
 53593 | Vaults:3 | Gained mutation: Armour fits poorly on your strangely shaped body. [potion of mutation]
 53593 | Vaults:3 | Gained mutation: You passively map a small area around you. [potion of mutation]
 53593 | Vaults:3 | Gained mutation: You expend magic power (3 MP) to strengthen your wands. [potion of mutation]
 53593 | Vaults:3 | Gained mutation: Your muscles are strong. (Str +2) [potion of mutation]
 53594 | Vaults:3 | Lost mutation: Armour fits poorly on your strangely shaped body. [potion of mutation]
 53594 | Vaults:3 | Lost mutation: Your muscles are strong. (Str +2) [potion of mutation]
 53594 | Vaults:3 | Lost mutation: You passively map a small area around you. [potion of mutation]
 53594 | Vaults:3 | Lost mutation: You expend magic power (3 MP) to strengthen your wands. [potion of mutation]
 53594 | Vaults:3 | Gained mutation: You have a pair of small antennae on your head. [potion of mutation]
 53594 | Vaults:3 | Gained mutation: Your system is resistant to poisons. (rPois) [potion of mutation]
 53967 | Vaults:3 | Found Kaf Cuym's Magic Scroll Emporium.
 54350 | Vaults:4 | Got a faintly glowing glass ring
 54351 | Vaults:4 | Identified the ring "Vemmi" {+Inv rPois rF+ MR+ Int+3} (You found it on level 4 of the Vaults)
 54831 | Vaults:4 | Reached skill level 24 in Crossbows
 56098 | Vaults:4 | Reached XP level 22. HP: 145/185 MP: 22/22
 56576 | Vaults:4 | Found Hejitem's Food Boutique.
 56797 | Depths:1 | Entered Level 1 of the Depths
 56927 | Vaults:1 | Bought the +9 scales of the Dragon King {rPois rF+ rC+ MR+} for 4617 gold pieces
 56927 | Vaults:1 | Found the +9 scales of the Dragon King {rPois rF+ rC+ MR+}
 57309 | Depths:1 | Found a one-way gate leading to the halls of Pandemonium.
 57373 | Depths:1 | Noticed Bai Suzhen
 57389 | Depths:1 | Killed Bai Suzhen
 57676 | Depths:1 | Found Neoseosm's Jewellery Shoppe.
 57678 | Depths:1 | Found Xiylus's Gadget Shop.
 57679 | Depths:1 | Found Wyutz's Jewellery Shoppe.
 58171 | Depths:1 | Noticed Agnes
 58175 | Depths:1 | Killed Agnes
 58181 | Depths:1 | Reached skill level 25 in Crossbows
 58329 | Depths:1 | Found Efiliuq's Distillery.
 58536 | Depths:1 | Found a gateway to Hell.
 59032 | Depths:2 | Got a pair of heavily runed gloves
 59043 | Depths:2 | Identified the -7 pair of gloves of the Eight Boll Weevils {rF+++ MR++ MP+9 Slay-5} (You acquired it on level 2 of the Depths)
 59259 | Depths:2 | Found a one-way gate to the infinite horrors of the Abyss.
 60124 | Depths:3 | Found a runed door.
 60125 | Depths:3 | Noticed Darkshadow's ghost (veteran GrEE)
 60505 | Depths:3 | Reached skill level 26 in Crossbows
 60631 | Depths:3 | Noticed an ancient lich
 60637 | Depths:3 | Killed an ancient lich
 60637 | Depths:3 | Reached XP level 23. HP: 192/192 MP: 23/23
 61239 | Depths:3 | Killed Darkshadow's ghost
 63423 | Depths:4 | Got a pair of slimy gloves
 63434 | Depths:4 | Identified the +0 pair of gloves of the Pink Corner {+Blink rCorr Dex+2 Stlth+} (You acquired it on level 4 of the Depths)
 63498 | Depths:4 | Found a radiant altar of Vehumet.
 63498 | Depths:4 | Noticed Frederick
 63509 | Depths:4 | Killed Frederick
 64315 | Depths:3 | Paralysed by a hornet for 3 turns
 65131 | Depths:5 | Entered Level 5 of the Depths
 65588 | Depths:1 | Bought the amulet of the Salamander {RegenMP rF+ rC+ Str+6 Int-3} for 744 gold pieces
 65782 | Depths:5 | Found a gateway to a ziggurat.
 65951 | Depths:5 | Reached XP level 24. HP: 204/204 MP: 23/23
 66161 | Depths:5 | Found a radiant altar of Vehumet.
 66181 | Depths:5 | Got a translucent hat
 66192 | Depths:5 | Identified the +2 hat of Atok {rElec Str+2} (You found it on level 5 of the Depths)
 66393 | Depths:5 | Found a gate to the Realm of Zot.
 67635 | Vaults:5 | Entered Level 5 of the Vaults
 68514 | Vaults:5 | Got a crude brass ring
 68515 | Vaults:5 | Identified the ring "Lufi" {rPois Str+4 Int+4 Dex-3 Stlth-} (You found it on level 5 of the Vaults)
 68828 | Vaults:5 | Reached XP level 25. HP: 167/210 MP: 23/23
 69442 | Vaults:5 | Got a transparent wooden ring
 69651 | Vaults:5 | Identified the ring of Curiosity {+Fly rN+ Slay+2} (You took it off an orc warrior on level 5 of the Vaults)
 69708 | Vaults:5 | Got a silver rune of Zot
 70198 | Elf:1    | Entered Level 1 of the Elven Halls
 70588 | Elf:1    | Found a large runed door.
 70599 | Elf:1    | Found a large runed door.
 70611 | Elf:1    | Noticed Lagaor's ghost (adept MfBe)
 70924 | Elf:1    | Noticed Asterion
 70929 | Elf:1    | Killed Asterion
 71285 | Elf:1    | Killed Lagaor's ghost
 71337 | Elf:2    | Noticed Roxanne
 71346 | Elf:2    | Killed Roxanne
 71780 | Elf:2    | Found a huge runed gate.
 71780 | Elf:2    | Found a huge runed gate.
 71780 | Elf:2    | Found a huge runed gate.
 71780 | Elf:2    | Found a huge runed gate.
 71781 | Elf:2    | Found a huge runed gate.
 71944 | Elf:2    | Noticed Nikola
 71956 | Elf:2    | Killed Nikola
 72407 | Elf:3    | Entered Level 3 of the Elven Halls
 73035 | Elf:3    | Found Fow Deuk's Jewellery Emporium.
 73039 | Elf:3    | Found a portal to a secret trove of treasure.
 73250 | Elf:3    | Reached XP level 26. HP: 220/220 MP: 23/23
 73423 | Elf:3    | Reached skill level 27 in Crossbows
 73616 | Elf:3    | Got a transparent scimitar {flame}
 73617 | Elf:3    | Identified the cursed +0 scimitar of Defilement {flame, +Blink Int+3} (You took it off a deep elf demonologist on level 3 of the Elven Halls)
 73643 | Elf:3    | Got a wavering iron amulet
 73703 | Elf:3    | Identified the Disquisition on Dislocation
 73715 | Elf:3    | Got a transparent bronze amulet
 73716 | Elf:3    | Identified the amulet of Atumur {Inacc MR+} (You found it on level 3 of the Elven Halls)
 73751 | Elf:3    | Got a pair of translucent boots
 73752 | Elf:3    | Identified the +2 pair of boots of Sodinev {SInv} (You found it on level 3 of the Elven Halls)
 73873 | Elf:3    | Got an ancient hunting sling
 73874 | Elf:3    | Identified the +10 hunting sling of Xeurog {freeze, rF+ rC+} (You found it on level 3 of the Elven Halls)
 74215 | Zot:1    | Entered Level 1 of the Realm of Zot
 75346 | Zot:1    | Identified the amulet "Wuxzis" {Spirit MR- Int+4 Dex+2} (You took it off a deep elf blademaster on level 3 of the Elven Halls)
 77261 | Zot:3    | Reached XP level 27. HP: 231/231 MP: 23/23
 78739 | Zot:4    | Found a runed gate.
 78739 | Zot:4    | Found a runed gate.
 78739 | Zot:4    | Found a runed gate.
 78769 | Zot:4    | Got a fine cloak
 78770 | Zot:4    | Identified the +0 cloak "Jeaptuil" {Int+2 SInv} (You acquired it on level 4 of the Realm of Zot)
 79216 | Zot:4    | Noticed Codijuot's ghost (master TrFi)
 79216 | Zot:4    | Noticed Jeud Epto's ghost (master TrFi)
 79216 | Zot:4    | Noticed Codijuot's ghost (master TrFi)
 79219 | Zot:4    | Noticed Jeud Epto's ghost (master TrFi)
 79224 | Zot:4    | Noticed Joinoh's ghost (legendary MfAs)
 79288 | Zot:2    | Killed Jeud Epto's ghost
 79497 | Zot:2    | Killed Joinoh's ghost
 79508 | Zot:2    | Killed Codijuot's ghost
 79960 | Zot:4    | Got a crude bronze ring
 79961 | Zot:4    | Identified the ring of Xom's Sleight of Hands {*Tele rN+ Stlth+} (You found it on level 4 of the Realm of Zot)
 80399 | Zot:5    | Entered Level 5 of the Realm of Zot
 80436 | Zot:5    | Noticed an ancient lich
 80448 | Zot:5    | Killed an ancient lich
 80504 | Zot:5    | Noticed an ancient lich
 80506 | Zot:5    | Killed an ancient lich
 81138 | Zot:5    | Noticed an ancient lich
 81458 | Zot:5    | Killed an ancient lich
 81723 | Zot:5    | Noticed an orb of fire
 81739 | Zot:5    | Noticed an orb of fire
 81740 | Zot:5    | Gained mutation: Your spells are a little easier to cast, but a little less powerful. [an orb of fire]
 81746 | Zot:5    | Gained mutation: Your body sometimes deteriorates upon taking damage. [an orb of fire]
 81751 | Zot:5    | Killed an orb of fire
 81772 | Zot:5    | Gained mutation: Scrolls take you a little longer to read. [an orb of fire]
 81775 | Zot:5    | Gained mutation: You are frail. (-10% HP) [an orb of fire]
 81778 | Zot:5    | Gained mutation: You are occasionally teleported next to monsters. [an orb of fire]
 81781 | Zot:5    | Killed an orb of fire
 81787 | Zot:5    | Noticed an orb of fire
 81792 | Zot:5    | Killed an orb of fire
 81889 | Zot:5    | Identified a +1 pair of boots of running (You found it on level 5 of the Realm of Zot)
 82120 | Zot:5    | Noticed an orb of fire
 82120 | Zot:5    | Gained mutation: Your spells are easier to cast, but less powerful. [an orb of fire]
 82129 | Zot:5    | Gained mutation: You tend to lose your temper in combat. [an orb of fire]
 82130 | Zot:5    | Gained mutation: Armour fits poorly on your strangely shaped body. [an orb of fire]
 82135 | Zot:5    | Killed an orb of fire
 82315 | Zot:5    | Noticed an ancient lich
 82319 | Zot:5    | Noticed an orb of fire
 82321 | Zot:5    | Killed an ancient lich
 82328 | Zot:5    | Killed an orb of fire
 82329 | Zot:5    | Lost mutation: Scrolls take you a little longer to read. [potion of mutation]
 82329 | Zot:5    | Lost mutation: You are frail. (-10% HP) [potion of mutation]
 82329 | Zot:5    | Lost mutation: Armour fits poorly on your strangely shaped body. [potion of mutation]
 82329 | Zot:5    | Gained mutation: You often lose your temper in combat. [potion of mutation]
 82329 | Zot:5    | Gained mutation: You are covered in fur. (AC +1) [potion of mutation]
 82383 | Zot:5    | Noticed an orb of fire
 82390 | Zot:5    | Killed an orb of fire
 82689 | Zot:5    | Lost mutation: You often lose your temper in combat. [potion of mutation]
 82689 | Zot:5    | Lost mutation: You are occasionally teleported next to monsters. [potion of mutation]
 82689 | Zot:5    | Lost mutation: Your system is resistant to poisons. (rPois) [potion of mutation]
 82689 | Zot:5    | Lost mutation: Your body sometimes deteriorates upon taking damage. [potion of mutation]
 82689 | Zot:5    | Gained mutation: You are weak. (Str -2) [potion of mutation]
 82689 | Zot:5    | Lost mutation: Your spells are easier to cast, but less powerful. [potion of mutation]
 82690 | Zot:5    | Lost mutation: You have a pair of small antennae on your head. [potion of mutation]
 82690 | Zot:5    | Lost mutation: You are weak. (Str -2) [potion of mutation]
 82690 | Zot:5    | Lost mutation: You tend to lose your temper in combat. [potion of mutation]
 82690 | Zot:5    | Gained mutation: You have supernaturally acute eyesight. (SInv) [potion of mutation]
 82690 | Zot:5    | Gained mutation: You are partially covered in thin metallic scales. (AC +2) [potion of mutation]
 82690 | Zot:5    | Gained mutation: You are dopey. (Int -2) [potion of mutation]
 82690 | Zot:5    | Gained mutation: You have a pair of small antennae on your head. [potion of mutation]
 82725 | Zot:5    | Got the Orb of Zot
 83166 | D:4      | Noticed Omiet the pandemonium lord
 83166 | D:4      | Noticed an ancient lich
 83173 | D:4      | Killed Omiet the pandemonium lord
 83177 | D:4      | Killed an ancient lich
 83258 | D:$      | Escaped with the Orb!

Vault maps used:
D:1:      dpeg_arrival_triangle_fractal, minmay_ruptured
D:2:      lemuel_coloured_pillars_altar
D:3:      first_ration, minmay_fountain_box
D:4:      nicolae_overflow_crystal_walls, serial_forest,
          infiniplex_forest_clump_large, infiniplex_forest_clump_diagonal,
          infiniplex_forest_lined_2, infiniplex_forest_straight_3,
          infiniplex_forest_clump_tiny, infiniplex_forest_clump_double,
          infiniplex_forest_clump_medium, infiniplex_forest_fountain,
          infiniplex_forest_lined_4_way, infiniplex_forest_clump_double,
          gup_sewer_entry_spiral, minmay_tree_intersection,
          uniq_crazy_yiuf_cottage
D:5:      lemuel_round_altar, lemuel_crystal_altar, dk_noncrumbling_3
D:6:      basic_altar, minivault_10, uniq_sigmund
D:7:      minmay_temple_entry_butterflies, grunt_livestock,
          minmay_misc_feat_rugged
D:8:      cheibrodos_ideogram_h, dpeg_oklobed_lair, hangedman_misty_isle
D:9:      nicolae_blasting_shop, uniq_erolcha
D:10:     uniq_sonja
D:11:     zombieorc2_lemuel, ebering_ghost_rock_garden, uniq_gastronok,
          uniq_psyche
D:12:     uniq_maurice
D:13:     david_vaults_3, jmf_multi_god_temple2
D:14:     nemelex_xobeh_ov_fountains_minmay, lemuel_oklob_altar
D:15:     gammafunk_enter_depths_forms, serial_shops, nicolae_shop_waterfront,
          ashenzari_altar_1, minivault_5, hangedman_feature_mirror,
          hangedman_decor_diamond_cutter, chequers_big_river, uniq_kirke,
          uniq_louise
Lair:2:   lemuel_fruit_fields, lemuel_fruit_fields, uniq_erica
Lair:3:   minmay_shoals_entry_beasts, minmay_snake_entry_guardpost_medium,
          infiniplex_staircase_pool, uniq_rupert
Lair:4:   nicolae_volcano_entry_two_sided, gammafunk_ghost_necromancy,
          disabler_island
Lair:6:   hangedman_lair_caniforms_friends, wormcave, slime_altar_1
Shoals:1: gammafunk_ghost_grave, centaur_isle, uniq_josephine
Shoals:4: shoals_end_hangedman, shoals_ilsuiw_alternative
Snake:2:  hangedman_cross_stitches, serial_shops,
          nicolae_shop_temple_entry_statues_fountains, stair_cage_line,
          hangedman_snake_sidewinding, lemuel_fruit_tree, uniq_aizul
Snake:3:  nicolae_snake_horde_hoard, uniq_vashnia
Snake:4:  snake_pit
Orc:1:    okawaru_metal_pillars_1_2
Orc:2:    grunt_orc_community_town_hall, grunt_orc_community_big_house_1,
          grunt_orc_community_big_house_1, grunt_orc_community_house_2,
          grunt_orc_community_house_2, grunt_orc_community_house_1,
          grunt_orc_community_house_2, grunt_orc_community_house_2,
          grunt_orc_community_house_2, portal_ice_cave_demonic_guard,
          basic_altar, uniq_saint_roka
Elf:1:    minmay_elf_arrival_summoners, ebering_ghost_disaster_area,
          hangedman_elf_disciples, uniq_asterion
Elf:2:    st_stairs_4, spider_trap, solitary_fountain,
          einodemon_crawler_minivault, uniq_roxanne, uniq_nikola
Elf:3:    minmay_elf_hall_quartered_circle, serial_shops, shop, enter_trove_0,
          st_stairs_12
Vaults:1: v_rooms_4, hangedman_vaults_stagger, vaults_dpeg_spiral,
          vaults_room_semicircle, vaults_room_octagon, dpeg_vaults_monster_box,
          v_misc_27, vaults_mumra_hex, v_misc_19, vaults_dpeg_encased_lava,
          vaults_mumra_chevron, v_misc_10, basic_altar, serial_shops,
          nicolae_shop_crystal
Vaults:2: v_misc_4, v_misc_30, hangedman_vaults_nails,
          nicolae_vaults_network_periphery, hangedman_vaults_nails,
          hangedman_vaults_trim, ontoclasm_vaults_ligature,
          minmay_crypt_entry_simple_round, vaults_dpeg_hooks, vaults_room_pool,
          grunt_vaults_hallway_short
Vaults:3: nicolae_vaults_arrows, v_misc_9, vaults_room_pool,
          grunt_vaults_trifunnel, nicolae_vaults_asterisk,
          nicolae_vaults_asterisk, grunt_vaults_funnel, ontoclasm_vaults_hangar,
          nicolae_vaults_network_barrier, v_misc_1, nicolae_vaults_statue_guard,
          vaults_room_pools, serial_shops, shop_statue
Vaults:4: st_smaller_cells, v_misc_2, vaults_room_octagon,
          ontoclasm_vaults_ring_large, v_misc_1, ontoclasm_vaults_pinch,
          vaults_room_hallway, grunt_vaults_focal, v_misc_10, v_misc_8,
          ontoclasm_vaults_gateway, hangedman_vaults_restitches,
          nicolae_vaults_rhombus_6, vaults_dpeg_ring,
          nicolae_vaults_mini_display_case, serial_shops, shop
Depths:1: hellmouth_1, grunt_pan_entry_zigzag, serial_shops,
          nicolae_shop_crystal, sword_in_stone, serial_bayou_shore_b,
          grunt_megastairs_1, minmay_shop_grove, uniq_bai_suzhen
Depths:2: constructs_gauntlet_mu_hangedman, abyss_entry_small_statue_room,
          hangedman_abyss_or_decor_stagger, grunt_hell_horde,
          infiniplex_staircase_zigzag_2
Depths:3: cheibrodos_cascadia, rand_demon_pan_entry_3,
          muffindrake_ghost_dead_mans_drink, minivault_14,
          pf_vacation_house_of_asmodeus
Depths:4: evilmike_halls_of_destruction, minmay_splitting_lines, pf_coc_iceberg,
          nicolae_abyss_entry_one_way_or_another, minmay_protected_statue
Depths:5: evilmike_zot_entry_argh, enter_ziggurat_f, hex_intersection,
          pf_hell_entry_tar_river, minmay_misc_feat_doors, grunt_tower_of_power
Zot:1:    st_small_dragon_hoard_2, guppyfry_library_mini
Zot:2:    kennysheep_blocky_hall, grunt_ministairs_11
Zot:4:    gammafunk_ghost_cemetery, hangedman_zot_decor_scrapings,
          hangedman_zot_wheel_spokes
Abyss:1:  evilmike_abyss_exit_2
Sewer:    sewer_sea
Volcano:  volcano_overflow

Skill      XL: |  1  2  3  4  5  6  7  8  9 10 11 12 13 14 15 16 17 18 19 20 21 22 23 24 25 26 27 |
---------------+----------------------------------------------------------------------------------+-----
Fighting       | 3 4 5 6 8 10 11 12 13 14 15 16 17 18 20 21 23 25 | 25.6
Crossbows      | 5 6 7 8 10 11 12 13 14 15 16 17 19 20 22 24 26 27 | 27.0
Short Blades   | 3 4 |  4.3
Armour         | 3 6 8 9 10 12 13 14 15 16 18 19 20 22 24 | 24.6
Dodging        | 4 6 7 9 10 11 12 13 14 15 17 18 19 20 23 | 23.0
Long Blades    | 4 6 8 9 10 12 13 | 13.7
Stealth        | |  0.8

Action                   |  1- 3 |  4- 6 |  7- 9 | 10-12 | 13-15 | 16-18 | 19-21 | 22-24 | 25-27 || total
-------------------------+-------+-------+-------+-------+-------+-------+-------+-------+-------++-------
Melee: Short sword       |    54 |   197 |   222 |    56 |       |       |       |       |       ||   529
       Quarterstaff      |       |       |       |   101 |       |       |       |       |       ||   101
       Scimitar          |       |       |       |   248 |  1019 |   341 |   396 |    91 |    64 ||  2159
       Arbalest          |       |       |       |       |     1 |     2 |     3 |       |       ||     6
 Fire: Hand crossbow     |    31 |    93 |   174 |    97 |       |       |       |       |       ||   395
       Arbalest          |       |       |       |   129 |   511 |  1061 |  1085 |       |       ||  2786
       Triple crossbow   |       |       |       |       |       |       |   351 |  1152 |  1264 ||  2767
Throw: Throwing net      |       |       |       |     1 |       |       |       |       |       ||     1
 Abil: Hop               |     1 |     1 |    11 |     9 |    24 |    29 |    23 |    17 |    18 ||   133
Evoke: Wand              |       |       |     1 |    10 |     4 |       |       |     5 |     8 ||    28
  Use: Scroll            |     2 |     6 |     3 |    14 |    18 |    10 |    18 |    19 |    27 ||   117
       Potion            |       |       |       |     2 |     1 |     7 |     7 |     9 |    21 ||    47
 Stab: Sleeping          |     2 |     1 |     1 |     1 |     6 |     4 |       |       |       ||    15
       Paralysed         |       |       |       |     1 |       |       |       |       |       ||     1
       Confused          |       |       |       |       |     6 |       |       |       |       ||     6
       Distracted        |       |       |       |       |     1 |       |       |       |       ||     1
  Eat: Chunk             |     1 |    14 |    14 |    24 |    51 |    26 |    57 |    15 |     2 ||   204
       Ration            |       |       |       |     1 |     2 |     4 |       |     7 |    13 ||    27
Armor: Leather armour    |    13 |    18 |       |       |       |       |       |       |       ||    31
       Ring mail         |       |    61 |   108 |   110 |   275 |   132 |    31 |       |       ||   717
       Steam dragon scal |       |       |       |    49 |       |       |       |       |       ||    49
       Crystal plate arm |       |       |       |       |   153 |   414 |   744 |     4 |       ||  1315
       Gold dragon scale |       |       |       |       |       |       |       |   421 |   407 ||   828
Dodge: Dodged            |    46 |   156 |   183 |   446 |  1147 |   645 |   718 |   325 |   491 ||  4157
       Rpst.: Scimitar   |       |       |       |    49 |   285 |    66 |    40 |    13 |     7 ||   460

Table legend:
 A = Spawn XP
 B = Non-spawn XP
 C = Spawn XP percentage of total XP
 D = Spawn monster count
 E = Non-spawn monster count
 F = Spawn count percentage of total count
 G = Total turns spent on level
                    A         B        C        D         E        F      G
               +---------+---------+-------+---------+---------+-------+---------
         Total |       0 | 1565842 |   0.0 |       0 |    2475 |   0.0 | 83258
               +---------+---------+-------+---------+---------+-------+---------
           D:1 |       0 |      80 |   0.0 |       0 |      32 |   0.0 |  1660
           D:2 |       0 |     103 |   0.0 |       0 |      22 |   0.0 |  1137
           D:3 |       0 |      59 |   0.0 |       0 |      17 |   0.0 |   991
           D:4 |       0 |     359 |   0.0 |       0 |      20 |   0.0 |  1229
           D:5 |       0 |     495 |   0.0 |       0 |      11 |   0.0 |   490
           D:6 |       0 |     635 |   0.0 |       0 |       9 |   0.0 |  1364
           D:7 |       0 |    2041 |   0.0 |       0 |      33 |   0.0 |  1414
           D:8 |       0 |    4529 |   0.0 |       0 |      53 |   0.0 |  2418
           D:9 |       0 |    4835 |   0.0 |       0 |      31 |   0.0 |   763
          D:10 |       0 |    4779 |   0.0 |       0 |      42 |   0.0 |   872
          D:11 |       0 |    8468 |   0.0 |       0 |      61 |   0.0 |  1562
          D:12 |       0 |   17332 |   0.0 |       0 |      76 |   0.0 |  2102
          D:13 |       0 |   13449 |   0.0 |       0 |      38 |   0.0 |  1934
          D:14 |       0 |   12615 |   0.0 |       0 |      43 |   0.0 |  1155
          D:15 |       0 |   23715 |   0.0 |       0 |      68 |   0.0 |  2159
        Lair:1 |       0 |    3315 |   0.0 |       0 |      14 |   0.0 |  1747
        Lair:2 |       0 |    5256 |   0.0 |       0 |      15 |   0.0 |   967
        Lair:3 |       0 |   11081 |   0.0 |       0 |      31 |   0.0 |  1808
        Lair:4 |       0 |    3122 |   0.0 |       0 |      15 |   0.0 |   772
        Lair:5 |       0 |   10360 |   0.0 |       0 |      29 |   0.0 |  1380
        Lair:6 |       0 |   29409 |   0.0 |       0 |     122 |   0.0 |  3311
      Shoals:1 |       0 |    7326 |   0.0 |       0 |      19 |   0.0 |   935
      Shoals:2 |       0 |   18508 |   0.0 |       0 |      42 |   0.0 |  1581
      Shoals:3 |       0 |   22890 |   0.0 |       0 |      50 |   0.0 |  1662
      Shoals:4 |       0 |   33707 |   0.0 |       0 |      55 |   0.0 |  2043
       Snake:1 |       0 |   13527 |   0.0 |       0 |      23 |   0.0 |   779
       Snake:2 |       0 |   37168 |   0.0 |       0 |      65 |   0.0 |  2363
       Snake:3 |       0 |   43825 |   0.0 |       0 |      89 |   0.0 |  1911
       Snake:4 |       0 |   43507 |   0.0 |       0 |      71 |   0.0 |  1637
         Orc:1 |       0 |     814 |   0.0 |       0 |      10 |   0.0 |   472
         Orc:2 |       0 |   14720 |   0.0 |       0 |     132 |   0.0 |  1915
         Elf:1 |       0 |   32357 |   0.0 |       0 |      44 |   0.0 |  1173
         Elf:2 |       0 |   31523 |   0.0 |       0 |      41 |   0.0 |  1073
         Elf:3 |       0 |   58579 |   0.0 |       0 |      49 |   0.0 |  1529
      Vaults:1 |       0 |   56152 |   0.0 |       0 |      99 |   0.0 |  3502
      Vaults:2 |       0 |   57505 |   0.0 |       0 |     102 |   0.0 |  2422
      Vaults:3 |       0 |   52689 |   0.0 |       0 |      79 |   0.0 |  1709
      Vaults:4 |       0 |   39919 |   0.0 |       0 |      50 |   0.0 |  3231
      Vaults:5 |       0 |  144161 |   0.0 |       0 |     144 |   0.0 |  1746
      Depths:1 |       0 |   45725 |   0.0 |       0 |      55 |   0.0 |  1554
      Depths:2 |       0 |   19456 |   0.0 |       0 |      36 |   0.0 |  1109
      Depths:3 |       0 |   79287 |   0.0 |       0 |      80 |   0.0 |  3344
      Depths:4 |       0 |   59444 |   0.0 |       0 |      63 |   0.0 |  2266
      Depths:5 |       0 |   59439 |   0.0 |       0 |      65 |   0.0 |  1694
         Zot:1 |       0 |   65021 |   0.0 |       0 |      38 |   0.0 |  1577
         Zot:2 |       0 |   81045 |   0.0 |       0 |      36 |   0.0 |  2146
         Zot:3 |       0 |   62404 |   0.0 |       0 |      35 |   0.0 |  1581
         Zot:4 |       0 |   50115 |   0.0 |       0 |      20 |   0.0 |  1630
         Zot:5 |       0 |  177666 |   0.0 |       0 |      55 |   0.0 |  1675
       Abyss:1 |       0 |      55 |   0.0 |       0 |       2 |   0.0 |   221
         Sewer |       0 |     205 |   0.0 |       0 |      40 |   0.0 |   770
       Volcano |       0 |    1066 |   0.0 |       0 |       4 |   0.0 |   773
               +---------+---------+-------+---------+---------+-------+---------
